 Seeded DCSS version 0.29.1-4-g47bece8355 (webtiles) character file.

Game seed: 1 (custom seed)

53 Kazon the Slasher (level 3, -1/30 HPs)
             Began as a Barachi Berserker on Dec 5, 2022.
             Was a Believer of Trog.
             Succumbed to an adder's poison
             ... on level 2 of the Dungeon.
             The game lasted 00:06:07 (1149 turns).

Kazon the Slasher (Barachi Berserker)               Turns: 1149, Time: 00:06:07

Health: -1/30      AC:  3    Str: 18    XL:     3   Next: 89%
Magic:  3/3        EV: 12    Int:  7    God:    Trog [**....]
Gold:   134        SH:  0    Dex: 13    Spells: 2/2 levels left

rFire   . . .      SeeInvis .   c - +1 lajatang (distort)
rCold   . . .      Faith    .   (shield currently unavailable)
rNeg    . . .      Spirit   .   b - +0 animal skin
rPois   .          Reflect  .   k - +0 helmet
rElec   .          Harm     .   (no cloak)
rCorr   .          Rampage  .   (no gloves)
Will    .....                   (no boots)
Stlth   +.........              d - amulet of the acrobat
HPRegen 0.10/turn               (no ring)
MPRegen 0.08/turn               (no ring)

@: lethally poisoned (-1 -> -8), slow
A: amphibious, slowness 1, strong legs 1, +LOS
a: Hop, Renounce Religion, Berserk, Trog's Hand


You were on level 2 of the Dungeon.
You worshipped Trog.
Trog was pleased with you.
You visited 1 branch of the dungeon, and saw 2 of its levels.

You collected 134 gold pieces.

Inventory:

Hand Weapons
 a - a +0 falchion
 c - a +1 lajatang of distortion (weapon)
Missiles
 i - a throwing net
 j - 8 stones (quivered)
Armour
 b - a +0 animal skin (worn)
 k - a +0 helmet (worn)
Jewellery
 d - an amulet of the acrobat (around neck)
Scrolls
 h - a scroll of identify {unknown}
Potions
 e - a potion of haste {unknown}
 f - a potion of flight {unknown}
 g - a potion of attraction {unknown}


   Skills:
 * Level 4.0 Fighting
 + Level 4.1 Long Blades
 + Level 1.9 Staves
 * Level 0.2 Throwing
 + Level 2.8 Armour
 + Level 2.7 Dodging


You had 2 spell levels left.
You didn't know any spells.
Your spell library was empty.

Dungeon Overview and Level Annotations

Branches:
Dungeon (2/15)

Altars:


Innate Abilities, Weirdness & Mutations

You are amphibious.
You cover ground slowly.
You can hop short distances.
You have an extended range of vision and can be seen from far away.


Message History

Trog accepts your kill.
Found a white potion.
Found 4 stones.
Found a book of Cantrips.
Found 3 boomerangs.
A frilled lizard comes into view.
The frilled lizard hisses angrily.
An adder comes into view.
The adder hisses angrily.
The adder closely misses you.
You miss the adder. The adder bites you.
You are poisoned.
The adder poisons you! The adder closely misses you.
You barely miss the adder.
You feel very sick. The adder barely misses you.
You closely miss the adder.
You feel sick. The adder bites you.
You are more poisoned.
The adder poisons you! The adder barely misses you.
You closely miss the adder.
You feel very sick. The adder bites you but does no damage.
The adder closely misses you.
You barely miss the adder.
You feel sick. The adder barely misses you.
You barely miss the adder.
You feel sick. The adder barely misses you.
The adder bites you but does no damage.
You barely miss the adder.
You feel sick. The adder closely misses you.
The adder bites you but does no damage.
You barely miss the adder.
You feel sick. The adder barely misses you.
The adder bites you but does no damage.
You barely miss the adder.
You feel sick.
You are no longer poisoned.
The adder bites you.
* * * LOW HITPOINT WARNING * * *
You barely miss the adder. The adder completely misses you.
The adder bites you.
* * * LOW HITPOINT WARNING * * *
You are lethally poisoned!
The adder poisons you!
You miss the adder.
You die...

.#...... ###
.......( ...#
........ ###..#
......!
##.#..###### ..#
...... ...## ..#
..... ... ..#
#..# #.#########
..#
#:.####..........
..#
#....@Sl..(......
.##
#..#############.
.##### ##.#
.....# #.# .###.#
#.# .# #.# #.# .#
#.# #.#
####.########.#
#...........#


You could see an adder and a frilled lizard.

Vanquished Creatures
  2 gnolls (D:2)
  7 endoplasms
  A giant cockroach (D:1)
  5 goblins
  3 hobgoblins
  2 kobolds
  A quokka (D:1)
  A ball python (D:2)
  2 bats
  A frilled lizard (D:2)
  3 rats (D:1)
28 creatures vanquished.

Notes
Turn   | Place    | Note
-------+----------+-------------------------------------------
     0 | D:1      | Kazon the Barachi Berserker began the quest for the Orb.
     0 | D:1      | Reached XP level 1. HP: 18/18 MP: 1/1
    68 | D:1      | Identified a scroll of acquirement
    68 | D:1      | Acquired a +1 lajatang of distortion
   390 | D:1      | Reached XP level 2. HP: 25/25 MP: 2/2
   885 | D:2      | Reached skill level 1 in Staves
   885 | D:2      | Reached XP level 3. HP: 30/30 MP: 3/3
   961 | D:2      | Reached ** piety under Trog
  1149 | D:2      | Succumbed to an adder's poison

Illustrated notes

Levels and vault maps discovered:
D:1:      dpeg_arrival_three_smaller_balls, layout_basic
D:2:      layout_loops_ring

Skill      XL: |  1  2  3 |
---------------+----------+-----
Long Blades    | 4 |  4.1
Staves         | 1 |  1.9
Fighting       | 4 |  4.0
Throwing       | |  0.2
Armour         | |  2.8
Dodging        | |  2.7

Action                   || total
-------------------------++-------
Melee: Lajatang          ||    62
       Falchion          ||     2
  Use: Scroll            ||     1
Armor: Animal skin       ||    13
Dodge: Dodged            ||    54
